[Event "Open NK Rapid 2025"]
[Site "Helmond, Netherlands"]
[Date "2025.05.03"]
[Round "9.22"]
[White "Nies, Levi"]
[Black "Landman, Renzo"]
[Result "0-1"]
[TimeControl "15+5"]
[WhiteFideId "1061275"]
[BlackFideId "40106306"]
[WhiteElo "1828"]
[BlackElo "1975"]

1. e4 e5 2. Nf3 Nc6 3. Bc4 Nf6 4. O-O Be7 5. Re1 Nxe4 6. Rxe4 d5 7. Bxd5 Qxd5 8. Nc3 Qa5 9. Nxe5 Nxe5 10. Qh5 Nc6 11. Nd5 Kf8 12.
b4 Nxb4 13. Rxe7 Qxd5 14. Re5 Qd6 15. Ba3 Be6 16. c3 Qxd2 17. Bxb4+ Kg8 18. Rd1 Qxa2 19. Ra5 Qc2 20. Rxa7 Re8 21.
Rxb7 g6 22. Qf3 h5 23. h4 Bg4 24.
Qf6 Qxd1+ 25. Kh2 Qd5 26. Rxc7 Qe5+ 27. Qxe5 Rxe5 28. c4 Be6 29. Bc3 Re4 30. Rb7 Rxc4 31.
Bxh8 Kxh8 32. g3 Kg7 33. Rb1 Rc2 34. Kg1 Bg4 35. Kg2 Rc3 36. Re1 Bf3+ 37. Kg1 Bd5 38. Kh2 Kf6 39. Re2 Rf3 40.
Rd2 Be6 41. Kg2 Rf5 42. Rd4 Rd5 43.
Re4 Ra5 44. Rf4+ Ke7 45. Kf1 Ra1+ 46. Ke2 Ra2+ 47. Ke3 Ra3+ 48. Kd2 f6 49. Ke2 g5 50. hxg5 fxg5 51. Rd4 Kf6 52. Rd8 h4 53. gxh4 gxh4 54. Rh8 h3 55. Kf1 Ra1+ 56. Ke2 Kg5 57. Kf3 Ra3+ 58. Ke2 Bg4+ 59. Kd2 Ra2+ 60.
Ke3 Re2+ 61. Kd3 Rxf2 0-1

[Event "Open NK Rapid 2025"]
[Site "Helmond, Netherlands"]
[Date "2025.05.03"]
[Round "9.23"]
[White "Grochal, Joey"]
[Black "Kriens, Hans"]
[Result "1-0"]
[TimeControl "15+5"]
[WhiteFideId "1019945"]
[BlackFideId "1093665"]
[WhiteElo "2261"]
[BlackElo "1878"]

1. d4 Nf6 2. c4 d5 3. cxd5 Nxd5 4.
Nf3 e6 5. e4 Nb6 6. Nc3 c5 7. Bg5 f6 8. Be3 cxd4 9. Nxd4 Nc6 10. Bb5 Bd7 11. Qb3 Nxd4 12. Bxd4 Qe7 13. Rd1 Rd8 14.
Bxb6 axb6 15. Rxd7 Rxd7 16. O-O Kf7 17. Bxd7 Qxd7 18. Qxb6 Qc6 19. Qd8 Rg8 20. Rd1 Be7 21. Qd7 Qb6 22.
Qb5 Qxb5 23. Nxb5 Rc8 24. Nc3 Ke8 25. Kf1 Bc5 26. Ke2 Ke7 27. f3 Rb8 28. Nb5 Ra8 29. a3 Ra5 30. Nc3 Ra6 31. Kd3 Rc6 32. Rc1 Bd6 33.
g3 Be5 34. Rc2 g5 35. Ne2 Rd6+ 36. Ke3 Rb6 37. Nd4 h5 38.
b4 Ra6 39. Rc3 h4 40. f4 gxf4+ 41. gxf4 Bb8 42. Nb5 e5 43. f5 Rc6 44. h3 Ba7+ 45. Kd3 Rxc3+ 46. Kxc3 Bb6 47. Kc4 Kd7 48. Kd5 1-0

[Event "Open NK Rapid 2025"]
[Site "Helmond, Netherlands"]
[Date "2025.05.03"]
[Round "9.24"]
[White "Jansen, Marijn"]
[Black "Teianu, Sabin"]
[Result "0-1"]
[TimeControl "15+5"]
[WhiteFideId "1089587"]
[BlackFideId "1095846"]
[WhiteElo "1880"]
[BlackElo "2089"]

1. e4 e6 2. d4 d5 3. exd5 exd5 4.
Bd3 c5 5. Nf3 Nc6 6. c3 Nf6 7. O-O Be7 8. Re1 O-O 9.
h3 h6 10. Bf4 Be6 11. Nbd2 Qb6 12. Ne5 cxd4 13. Ng6 Rfe8 14. Nf3 dxc3 15. bxc3 Bc5 16. Qd2 Ne4 17. Bxe4 dxe4 18. Nfh4 fxg6 19.
Bxh6 Rad8 20. Qg5 Bxf2+ 21. Kh1 Bxh4 22. Qxh4 gxh6 23. Qxh6 Bf7 0-1

[Event "Open NK Rapid 2025"]
[Site "Helmond, Netherlands"]
[Date "2025.05.03"]
[Round "9.25"]
[White "Baars, Tije"]
[Black "Geboers, Jimmy"]
[Result "1-0"]
[TimeControl "15+5"]
[WhiteFideId "40102157"]
[BlackFideId "262919"]
[WhiteElo "1870"]
[BlackElo "2065"]

1. d4 Nf6 2. Nc3 e6 3.
e4 d5 4.
exd5 Nxd5 5. Nxd5 exd5 6. Nf3 Be6 7. Bd3 Be7 8. O-O O-O 9. c3 Nd7 10. h3 c6 11. Bf4 Nf6 12. Re1 Bd6 13.
Bxd6 Qxd6 14. Ne5 Rfe8 15. f4 g6 16. g4 Bc8 17. Qf3 b6 18. f5 Nd7 19. fxg6 Nxe5 20. dxe5 Qc5+ 21. Kg2 fxg6 22.
b4 Qxc3 23. Rac1 Qxb4 24. Qf6 Qe7 25. Qxc6 Bb7 26. Qb5 d4+ 27. Kg3 Rad8 28. Bc4+ Kg7 29. e6 Qd6+ 30. Kh4 h6 31. Rf1 g5+ 32.
Kh5 Rf8 33. Qb1 Kh8 34. Qg6 Qe7 35. Qxh6+ Qh7 36. Qxh7+ Kxh7 37. e7 Rxf1 38. exd8=Q 1-0

[ePGN "0.1;DGT LiveChess/2.2.7"]

[Event "Open NK Rapid 2025 bord 26-50"]
[Site "Helmond, Netherlands"]
[Date "2025.05.03"]
[Round "1.1"]
[White "Mayer, Teun"]
[Black "Teianu, Sabin"]
[Result "0-1"]
[TimeControl "15 min +5 sec increment"]
[BlackFideId "1095846"]
[WhiteElo "1740"]
[BlackElo "2089"]

1. d3 d5 2. Nf3 Nf6 3. g3 g6 4. Bg2 Bg7 5. O-O O-O 6. a3 c6 7. c3 Nbd7 8. d4 b6 9. Bf4 Bb7 10. Nbd2 Nh5 11. Bg5 h6 12.
Be3 Nhf6 13. Nb3 Re8 14. Re1 Ng4 15. Qc1 Nxe3 16. Qxe3 e5 17. dxe5 Nxe5 18. Nxe5 Rxe5 19. Qd2 Qc7 20.
Nd4 Rd8 21. e3 a6 22. Qc2 Re7 23. e4 dxe4 24. Rxe4 Red7 25. Rae1 Bxd4 26. cxd4 Rxd4 27. Re8+ Rxe8 28. Rxe8+ Kh7 29.
Qc3 c5 30. Bxb7 Qxb7 31. h4 Rd1+ 32. Re1 Rxe1+ 33. Qxe1 Qd7 34. Qe2 b5 35. Qc2 Qd4 36. h5 c4 37. hxg6+ fxg6 38. Qe2 Qd7 39.
Qc2 Qd3 40. Qxd3 cxd3 41. Kf1 h5 42. Ke1 g5 43. Kd2 h4 44. gxh4 gxh4 45. Kxd3 h3 46.
Kd4 h2 47. Kc5 h1=Q 48. Kb6 Qh6+ 49. Ka5 Qf6 50. b4 Kg6 0-1

[Event "Open NK Rapid 2025 bord 26-50"]
[Site "Helmond, Netherlands"]
[Date "2025.05.03"]
[Round "1.2"]
[White "Uddin, Ahnaf Tajwar"]
[Black "Huang, Vincent"]
[Result "1-0"]
[TimeControl "15 min +5 sec increment"]
[WhiteFideId "1050842"]
[BlackFideId "40104184"]
[WhiteElo "2081"]
[BlackElo "1735"]

1. b3 d5 2. Bb2 Nf6 3. e3 Nc6 4. f4 e6 5. Nf3 h6 6. Bb5 Bd7 7. O-O Be7 8. d3 a6 9. Bxc6 Bxc6 10. Nbd2 O-O 11. Ne5 Bd7 12.
e4 c6 13. Qe2 Bc8 14. Kh1 Nd7 15. Nxd7 Bxd7 16. Nf3 Bf6 17. Ne5 Bxe5 18. Bxe5 f6 19. Bb2 Re8 20. Rae1 Qc7 21. Qf3 Rf8 22.
Qg4 e5 23. f5 Be8 24. Bc1 Kh7 25.
Rf3 Rg8 26. Bd2 Qf7 27. Rh3 Qf8 28. Ree3 g5 29. fxg6+ Rxg6 30. Qf5 Qg7 31. Reg3 Bd7 32. Rxh6+ Kg8 33. Rhxg6 Bxf5 34. Rxg7+ Kf8 35.
Bb4+ Ke8 36. Re7+ Kf8 37. Rxb7+ Ke8 38. Rg8# 1-0

[Event "Open NK Rapid 2025 bord 26-50"]
[Site "Helmond, Netherlands"]
[Date "2025.05.03"]
[Round "1.3"]
[White "Demenko, Olexandr"]
[Black "Taams, Lisanne"]
[Result "0-1"]
[TimeControl "15 min +5 sec increment"]
[WhiteFideId "34118659"]
[BlackFideId "1055852"]
[WhiteElo "1735"]
[BlackElo "2078"]

1. e4 e6 2. d4 d5 3. Bf4 dxe4 4.
f3 exf3 5. Nxf3 Nf6 6. Bd3 Bd6 7. Ne5 Nc6 8. c3 Nd5 9. Qh5 Bxe5 10. Bxe5 Nxe5 11. Qxe5 Qf6 12. Qg3 Qf4 13. Qxf4 Nxf4 14.
Be4 f5 15. Bf3 Nd3+ 16. Kd2 Nxb2 17. Na3 c6 18. Rhe1 Kf7 19. g4 Rd8 20. Kc2 Na4 21. Nc4 Nb6 22. Ne5+ Kg8 23. gxf5 exf5 24. Re2 f4 25. Rae1 Nd5 26.
Bxd5+ cxd5 27. Rf2 Rf8 28.
Ref1 Bh3 29. Rg1 Rf6 30. Nd3 Bf5 31.
Kd2 Bxd3 32. Kxd3 Re8 33. Rgf1 g5 34. h4 h6 35. hxg5 hxg5 36. Rg1 Rf5 37. Rf3 Kf7 38. c4 dxc4+ 39. Kxc4 Kf6 40. Rgf1 Rc8+ 41. Kd3 Ra5 42. Ke4 Re8+ 43. Kd3 Kf5 44. R3f2 Rc8 45. Rb1 Ra3+ 46.
Kd2 Rxa2+ 47. Ke1 Rxf2 48. Kxf2 Rc2+ 49. Kf1 Rc7 50. Kf2 g4 51. Rb5+ Ke4 52. d5 g3+ 53. Kg2 Rc2+ 54. Kh3 Rh2+ 55.
Kg4 g2 56. Rb4+ Kxd5 57. Kf5 g1=Q 58. Kf6 Qd4+ 59. Ke7 Rh7+ 60. Kd8 Qh8# 0-1

[Event "Open NK Rapid 2025 bord 26-50"]
[Site "Helmond, Netherlands"]
[Date "2025.05.03"]
[Round "1.4"]
[White "Becx, Cesar"]
[Black "Visser, Wouter"]
[Result "1-0"]
[TimeControl "15 min +5 sec increment"]
[WhiteFideId "1001183"]
[BlackFideId "1082566"]
[WhiteElo "2075"]
[BlackElo "1735"]

1. f4 b6 2. Nf3 Bb7 3. g3 f5 4. Bg2 Nf6 5. Nc3 c5 6. O-O g6 7. d3 Bg7 8. e4 fxe4 9. Ng5 O-O 10. dxe4 e6 11. e5 Bxg2 12. Kxg2 Ne8 13. Nxe6 Qe7 14. Nxf8 Bxf8 15. Qd5+ 1-0

[Event "Open NK Rapid 2025 bord 26-50"]
[Site "Helmond, Netherlands"]
[Date "2025.05.03"]
[Round "1.5"]
[White "Gnanasekaran, Mithran"]
[Black "Ruben, Berend"]
[Result "0-1"]
[TimeControl "15 min +5 sec increment"]
[WhiteFideId "40110192"]
[BlackFideId "1084682"]
[WhiteElo "1732"]
[BlackElo "2074"]

1. e4 e5 2. Nf3 Nc6 3. Bc4 Bc5 4. O-O d6 5. h3 Nf6 6. d3 h6 7. c3 O-O 8. d4 Bb6 9. a4 a5 10.
Re1 exd4 11. cxd4 d5 12. exd5 Nxd5 13. Ne5 Ncb4 14. Nc3 Be6 15. Nxd5 Bxd5 16. Bxd5 Qxd5 17. Be3 Rad8 18. Qg4 Bxd4 19. Rad1 Qxe5 20. Bxd4 Qg5 21. Qxg5 hxg5 22. Re5 Nc6 23.
Re4 f5 24. Re2 Nxd4 25. Red2 c5 26.
Kh2 Kf7 27. Kg3 Kf6 28. f4 gxf4+ 29. Kxf4 g5+ 30. Kg3 Rfe8 31. Kf2 Re4 32. b3 Rde8 33. Kg1 Re1+ 34. Rxe1 Rxe1+ 35. Kh2 b6 36. Kg3 Re3+ 37. Kf2 Rxb3 38.
g4 Rxh3 39. gxf5 Rh2+ 40. Ke3 Nxf5+ 41. Kd3 Rxd2+ 42. Kxd2 Ke5 43. Kc3 Kd5 44. Kd3 c4+ 45. Kc3 g4 46. Kd2 Kd4 47. Ke2 c3 48. Kf2 Kd3 49. Kg2 c2 50. Kf2 c1=Q 51. Kg2 Qb2+ 52. Kh1 Nh4 53. Kg1 Qg2# 0-1

[Event "Open NK Rapid 2025 bord 26-50"]
[Site "Helmond, Netherlands"]
[Date "2025.05.03"]
[Round "1.6"]
[White "Chua, Ethan"]
[Black "Feng, Elysia"]
[Result "1-0"]
[TimeControl "15 min +5 sec increment"]
[WhiteFideId "1089250"]
[BlackFideId "1074334"]
[WhiteElo "2069"]
[BlackElo "1729"]

1. e4 e5 2. Nf3 Nc6 3. Bb5 a6 4. Ba4 Nf6 5. d3 b5 6. Bb3 Be7 7. O-O O-O 8. c3 d6 9. a4 b4 10. a5 Rb8 11. Re1 Rb5 12.
Ba4 Rxa5 13. cxb4 Nxb4 14. Bd2 c5 15. Na3 Bd7 16. Bb3 h6 17. h3 Qc8 18. Kh2 Be6 19. Bc3 Nh7 20. Nd2 Kh8 21. Bxe6 Qxe6 22. Ndc4 Rb5 23.
Nxb5 axb5 24. Ne3 Nc6 25. Ra6 Qc8 26. Ra1 Ng5 27. Qh5 Ne6 28. Nd5 Bd8 29. Rf1 b4 30. Bd2 Ncd4 31. Ra7 Bg5 32. Bxg5 Nxg5 33. f4 exf4 34. Rf2 f3 35. Rxf3 f5 36. Rf4 Nge6 37. Qg6 Qb8 38. exf5 1-0

[Event "Open NK Rapid 2025 bord 26-50"]
[Site "Helmond, Netherlands"]
[Date "2025.05.03"]
[Round "1.7"]
[White "Van De Vreede, Adrie"]
[Black "Geboers, Jimmy"]
[Result "0-1"]
[TimeControl "15 min +5 sec increment"]
[WhiteFideId "40107248"]
[BlackFideId "262919"]
[WhiteElo "1727"]
[BlackElo "2065"]

1. e4 e6 2. d4 d5 3. Nc3 Nf6 4. e5 Nfd7 5. Nce2 c5 6. c3 Nc6 7. a3 a5 8. Nf3 b6 9. h4 Ba6 10.
Nf4 Be7 11. Nh5 Bxf1 12. Nxg7+ Kf8 13. Bh6 Kg8 14. Kxf1 Bf8 15. Bg5 Be7 16. Nh5 h6 17. Bxe7 Qxe7 18. Nd2 Kf8 19. Qg4 Rg8 20.
Qf4 Rg6 21. Ng3 cxd4 22. cxd4 Ke8 23. Rc1 Rc8 24. h5 Qg5 25. Qxg5 Rxg5 26. Nf3 Rg4 27. Rh4 Rxh4 28. Nxh4 Kd8 29.
Nf3 Rc7 30. Ke1 Nxd4 31. Rxc7 Nxf3+ 32. Ke2 Kxc7 33. Kxf3 Nxe5+ 34. Ke2 Nc4 35. f4 Nxb2 36. f5 Nc4 37. fxe6 fxe6 0-1

[Event "Open NK Rapid 2025 bord 26-50"]
[Site "Helmond, Netherlands"]
[Date "2025.05.03"]
[Round "1.8"]
[White "Bekkink, Sereyo"]
[Black "Rogozyanskiy, Alexander"]
[Result "0-1"]
[TimeControl "15 min +5 sec increment"]
[WhiteFideId "1037161"]
[BlackFideId "1092138"]
[WhiteElo "2064"]
[BlackElo "1726"]

1. c4 e5 2. g3 c6 3. Bg2 d5 4. cxd5 cxd5 5. Nf3 Nc6 6. O-O Nf6 7. d3 h6 8. Nc3 a6 9. a3 Be6 10. b4 Bd6 11. Bb2 O-O 12. Rc1 Qe7 13. Na4 Nd7 14. Nd2 Rac8 15.
Nb3 b6 16. e4 d4 17. f4 f6 18.
f5 Bf7 19. Ba1 Bxb4 20. axb4 Qxb4 21. Nd2 b5 22. Nb2 a5 23. Nf3 a4 24. Qd2 Qxd2 25. Nxd2 a3 26. Nd1 Nb4 27. Rb1 Nc2 28. Nf2 b4 29. Bf3 Ba2 30. Rbc1 Ne3 31. Rfe1 b3 32. Nxb3 Bxb3 33. Rb1 Bc2 34. Rb7 Nc5 35. Ra7 Ra8 36. Rc7 Rfc8 37. Rxc8+ Rxc8 38. Ng4 Nxg4 39. Bxg4 Nxd3 40. Re2 Bd1 41. Ra2 Bxg4 42. Rxa3 Rc1+ 43. Kg2 Rd1 44. h3 Rd2+ 45. Kg1 Bxh3 46.
g4 Rg2+ 0-1

[Event "Open NK Rapid 2025 bord 26-50"]
[Site "Helmond, Netherlands"]
[Date "2025.05.03"]
[Round "1.9"]
[White "Gardiner, Nina"]
[Black "Roebers, Jan"]
[Result "0-1"]
[TimeControl "15 min +5 sec increment"]
[WhiteFideId "14306867"]
[BlackFideId "1007815"]
[WhiteElo "1723"]
[BlackElo "2058"]

1. e4 d6 2. d4 Nf6 3. Nc3 g6 4. f3 c6 5. Be3 b5 6. Qd2 b4 7. Nce2 a5 8. g4 h5 9. g5 Nfd7 10.
d5 c5 11. f4 Bg7 12. O-O-O a4 13. f5 Ne5 14. Nf4 gxf5 15. Be2 Ba6 16. Nxh5 Rxh5 17. Bxh5 Nc4 18. Qf2 Bxb2+ 19. Kb1 Bc3 20.
Qxf5 Nxe3 21. Bxf7+ Kf8 22. Qh7 e6 23. Nh3 Bg7 24. Nf4 Kxf7 25. Qg6+ Kg8 26. Nxe6 Qe7 27. Rde1 Nd7 28. Rxe3 Ne5 29. Qh5 Qf7 30. Qd1 b3 31. a3 bxc2+ 32. Kxc2 Rb8 33. g6 Qf4 34. Rg3 Qxe4+ 35. Rd3 Bxd3+ 0-1

[Event "Open NK Rapid 2025 bord 26-50"]
[Site "Helmond, Netherlands"]
[Date "2025.05.03"]
[Round "1.10"]
[White "Margaryan, Aren"]
[Black "Van Stralen, Roy"]
[Result "1-0"]
[TimeControl "15 min +5 sec increment"]
[WhiteFideId "40105075"]
[WhiteElo "2054"]
[BlackElo "1723"]

1. e4 c5 2. c3 Nf6 3. e5 Nd5 4. d4 cxd4 5.
cxd4 e6 6. Nf3 Nc6 7. Bc4 d6 8. O-O dxe5 9. dxe5 Bc5 10. Qe2 O-O 11. Rd1 Nce7 12. a3 a5 13. Nbd2 Bd7 14. Ne4 Ba7 15.
Bg5 Bc6 16. b4 h6 17. Bh4 g5 18. Nfxg5 hxg5 19. Bxg5 Qc7 20. Nf6+ Nxf6 21. Bxf6 Ng6 22. Qh5 Qb6 23. Rf1 Qd4 24.
Qh6 1-0

[Event "Open NK Rapid 2025 bord 26-50"]
[Site "Helmond, Netherlands"]
[Date "2025.05.03"]
[Round "1.11"]
[White "Deij, Casper"]
[Black "Ritzerveld, Noah"]
[Result "0-1"]
[TimeControl "15 min +5 sec increment"]
[WhiteFideId "1085816"]
[BlackFideId "1085760"]
[WhiteElo "1721"]
[BlackElo "2053"]

1. e4 e5 2. Nf3 Nc6 3.
Bb5 a6 4. Ba4 Nf6 5. d3 b5 6.
Bb3 Bc5 7. Nc3 d6 8. O-O h6 9. Be3 Bxe3 10. fxe3 Na5 11. h3 O-O 12. Nd5 Nxd5 13. Bxd5 c6 14. Bb3 Nxb3 15. axb3 Be6 16.
Qd2 Qb6 17. Kh1 a5 18. d4 Qc7 19. Qc3 f6 20. Nh4 Rfc8 21. Rfd1 Rd8 22. Nf5 d5 23. Qxc6 Qf7 24. Qxb5 dxe4 25.
Ng3 exd4 26. exd4 Rd5 27. Qe2 f5 28. c3 Qg6 29. Qf2 Rf8 30. c4 Rdd8 31. Rxa5 f4 32. Nf1 e3 33. Qf3 Qc2 34.
Re1 Rxd4 35. Re5 Bf5 36. c5 Be4 37. Qe2 Qxe2 38. Rxe2 f3 39. Rxe3 fxg2+ 40. Kh2 gxf1=Q 41. Re6 Qg2# 0-1

[Event "Open NK Rapid 2025 bord 26-50"]
[Site "Helmond, Netherlands"]
[Date "2025.05.03"]
[Round "1.12"]
[White "Kshirsagar, Pranav"]
[Black "Hallibert, Emilien"]
[Result "1-0"]
[TimeControl "15 min +5 sec increment"]
[WhiteFideId "1084011"]
[BlackFideId "1092561"]
[WhiteElo "2049"]
[BlackElo "1720"]

1. d4 d5 2. c4 c6 3. Nc3 Nf6 4. e3 e6 5. Nf3 Nbd7 6. Be2 dxc4 7. a4 a6 8.
Nd2 c5 9. Nxc4 cxd4 10. exd4 Nb6 11. Nxb6 Qxb6 12. a5 Qc7 13. O-O Bb4 14. Qa4+ b5 15. Qxb4 Bb7 16. Bg5 Rd8 17. Rfd1 Rd7 18. Rac1 Qb8 19. Nxb5 axb5 20.
Bxb5 Ba6 21. Bxd7+ Kxd7 22. Qa4+ Bb5 23. Qc2 Nd5 24. Qc5 Qb7 25. h3 h5 26. Re1 h4 27. Re4 f6 28. Rxh4 Rxh4 29.
Bxh4 Nf4 30. f3 Ne2+ 31. Kf2 Nxc1 32. Qxc1 Qd5 33. Qc3 Ba6 34. b3 Qb5 35. Kg1 Qb7 36. Bg3 g5 37. Qc5 Qc6 38. Qf8 Qd5 39. Qf7+ Kd8 40. Qc7+ Ke8 41. Bd6 Qxd4+ 42. Kh2 Qa7 43. Qxa7 1-0

[Event "Open NK Rapid 2025 bord 26-50"]
[Site "Helmond, Netherlands"]
[Date "2025.05.03"]
[Round "1.13"]
[White "Van Wamel, Gijs"]
[Black "Van Ravensteijn, Antal"]
[Result "0-1"]
[TimeControl "15 min +5 sec increment"]
[WhiteFideId "40102165"]
[BlackFideId "1060759"]
[WhiteElo "1713"]
[BlackElo "2048"]

1. Nf3 Nf6 2. g3 g6 3. Bg2 Bg7 4. O-O O-O 5. c4 c5 6. Nc3 Nc6 7. e3 a6 8. d4 cxd4 9. exd4 d5 10.
Ne5 dxc4 11. Nxc6 bxc6 12. Bxc6 Rb8 13. Bg2 Bg4 14. Qa4 Qc8 15. Re1 Bd7 16. Qc2 Bf5 17. Qa4 e6 18. d5 exd5 19.
Nxd5 Nxd5 20. Bxd5 Bxb2 21. Bxb2 Rxb2 22. Bxc4 Qc5 23. Re2 Rb4 24. Bxf7+ Rxf7 25. Qxa6 Bh3 26. Qa8+ Rf8 27. Re8 Qxf2+ 28. Kh1 Bg2+ 0-1

[Event "Open NK Rapid 2025 bord 26-50"]
[Site "Helmond, Netherlands"]
[Date "2025.05.03"]
[Round "1.14"]
[White "Thodam, Malte"]
[Black "El Khaddari, Lina"]
[Result "1-0"]
[TimeControl "15 min +5 sec increment"]
[WhiteFideId "24687120"]
[BlackFideId "1094297"]
[WhiteElo "2044"]
[BlackElo "1711"]

1. e4 c5 2. Nc3 d6 3. f4 Nc6 4. Nf3 Nf6 5. Bb5 g6 6. O-O Bg4 7. Bxc6+ bxc6 8. h3 Bd7 9. Qe1 Qc7 10.
d3 Nh5 11. Qh4 e6 12. f5 Be7 13. Bg5 Qd8 14. fxe6 Bxe6 15. Ne2 h6 16. Bxe7 Qxe7 17. Qf2 Kd7 18. Rae1 Ng7 19. Nf4 f5 20.
Nxg6 Qf6 21. Nxh8 Rxh8 22. exf5 Bxf5 23. Nh4 Qxb2 24. Nxf5 Nxf5 25. Qxf5+ Kc7 26. Qf7+ Kb6 27. Rb1 1-0

[Event "Open NK Rapid 2025 bord 26-50"]
[Site "Helmond, Netherlands"]
[Date "2025.05.03"]
[Round "1.15"]
[White "Ghnim, Abdulrhman"]
[Black "Aarts, Joaquin"]
[Result "0-1"]
[TimeControl "15 min +5 sec increment"]
[WhiteFideId "40101177"]
[BlackFideId "1078224"]
[WhiteElo "1711"]
[BlackElo "2027"]

1. d4 Nf6 2. c4 e6 3. Nc3 Bb4 4. Bd2 b6 5. e3 Bb7 6. Nf3 O-O 7. Qc2 d6 8. Bd3 Nbd7 9. h3 e5 10.
dxe5 dxe5 11. e4 Nc5 12. Nd5 Nxd5 13. cxd5 Bxd2+ 14. Nxd2 c6 15. dxc6 Nxd3+ 16. Ke2 Ba6 17. Kf3 Qf6+ 18.
Kg3 Qf4# 0-1

[Event "Open NK Rapid 2025 bord 26-50"]
[Site "Helmond, Netherlands"]
[Date "2025.05.03"]
[Round "1.16"]
[White "Grooten, Tommy"]
[Black "Swierzy, Lev-Leon"]
[Result "1-0"]
[TimeControl "15 min +5 sec increment"]
[WhiteFideId "1068806"]
[BlackFideId "40120490"]
[WhiteElo "2027"]
[BlackElo "1709"]

1. Nf3 d5 2. c4 Nf6 3. cxd5 Nxd5 4.
e4 Nb6 5. d4 e6 6. Nc3 Bb4 7. Be2 O-O 8. Be3 c6 9. O-O Bd6 10. Qc2 Re8 11. e5 Bc7 12. Ne4 N8d7 13. Neg5 g6 14.
h4 Nd5 15. h5 Nf8 16. Bd2 b6 17. Qxc6 Bd7 18. Qc2 Bc8 19. Rac1 Bb7 20. Bb5 Re7 21. Ne4 a6 22. Bd3 a5 23.
Bg5 Rc8 24. Qb1 Nb4 25. Bxe7 Qxe7 26. Nf6+ Kg7 27. Be4 Bxe4 28. Qxe4 Nxa2 29. h6+ Kh8 30. Rc4 b5 31. Rc5 Nd7 32.
Nxd7 Qxd7 33. Qf4 Nb4 34. Qf6+ 1-0

[Event "Open NK Rapid 2025 bord 26-50"]
[Site "Helmond, Netherlands"]
[Date "2025.05.03"]
[Round "1.17"]
[White "Suthan, Aadvik"]
[Black "Bakels, Anton"]
[Result "1/2-1/2"]
[TimeControl "15 min +5 sec increment"]
[WhiteFideId "1095765"]
[BlackFideId "1046187"]
[WhiteElo "1708"]
[BlackElo "2025"]

1. e4 c5 2. Nf3 d6 3. d4 cxd4 4.
Nxd4 Nf6 5. Nc3 a6 6. f3 e5 7. Nb3 Be6 8. Be3 Be7 9. Be2 Nbd7 10. Bf2 Qc7 11. Qd2 O-O 12. O-O b5 13.
a3 Nb6 14. Rad1 Rfd8 15. Qc1 Rac8 16. Qe3 Nc4 17. Bxc4 Bxc4 18. Rfe1 Nd7 19. Rd2 h6 20. h4 Nf8 21. Qb6 Qxb6 22.
Bxb6 Bxh4 23. Red1 Re8 24. Rxd6 Be7 25. R6d2 Bxb3 26. cxb3 Bxa3 27. Nxb5 Bb4 28. Nd6 Bxd2 29. Nxe8 Rc2 30.
Nd6 Ne6 31. Nc4 Bb4 32. Nxe5 Nf4 33. Bf2 Rxb2 34. Nd3 Nxd3 35. Rxd3 Ba5 36. Rd5 Bc7 37. g3 Rxb3 38. Rd7 Rb1+ 39. Kg2 Be5 40. f4 Bc3 41. Rd8+ Kh7 42. Rd7 Kg8 43. Rd8+ Kh7 44. Rd7 Kg8 45. Rd8+ Kh7 46. Rd7 Kg6 47. Rd6+ 1/2-1/2

[Event "Open NK Rapid 2025 bord 26-50"]
[Site "Helmond, Netherlands"]
[Date "2025.05.03"]
[Round "1.18"]
[White "Klein, Ron"]
[Black "Aders, Maarten"]
[Result "1-0"]
[TimeControl "15 min +5 sec increment"]
[WhiteFideId "1014668"]
[BlackFideId "1079379"]
[WhiteElo "2014"]
[BlackElo "1707"]

1. d4 d5 2. Nf3 Bg4 3. Ne5 Bf5 4. c4 f6 5. Nf3 Bg4 6. Nc3 Bxf3 7. exf3 e6 8. cxd5 exd5 9. Qb3 Qe7+ 10.
Be3 c6 11. Bd3 Qb4 12. Qc2 Bd6 13. a3 Qb6 14. O-O Qc7 15. g3 Ne7 16. Bxh7 Nd7 17. Bg6+ Nxg6 18. Qxg6+ Kf8 19. Rac1 Qd8 20.
Rfe1 Qe8 21. Qf5 Rd8 22. Bf4 Qh5 23. Bxd6+ 1-0

[Event "Open NK Rapid 2025 bord 26-50"]
[Site "Helmond, Netherlands"]
[Date "2025.05.03"]
[Round "1.19"]
[White "Van Soest, Sjoerd"]
[Black "Vogel, Jaap"]
[Result "0-1"]
[TimeControl "15 min +5 sec increment"]
[WhiteFideId "1099256"]
[BlackFideId "1000764"]
[WhiteElo "1706"]
[BlackElo "2006"]

1. e4 e6 2. d4 d5 3. e5 c5 4.
c3 Nc6 5. Nf3 Bd7 6. Be2 Nge7 7. O-O Nf5 8.
a4 a6 9.
Na3 Qb6 10. g4 Nh6 11. Nc2 Nxg4 12. Ng5 Nh6 13. f4 cxd4 14. cxd4 Nf5 15. Nf3 Ncxd4 16. Nfxd4 Bc5 17. Kh1 Nxd4 18.
a5 Qa7 19. b4 Nxc2 20. Qxc2 Bxb4 21. Bd3 Rc8 22. Qb1 Be7 23. f5 exf5 24. Bxf5 Bxf5 25. Qxf5 O-O 26. Ra3 Rxc1 0-1

[Event "Open NK Rapid 2025 bord 26-50"]
[Site "Helmond, Netherlands"]
[Date "2025.05.03"]
[Round "1.20"]
[White "Gotes Perez, Jaume"]
[Black "Calvi, Elias Francesco"]
[Result "0-1"]
[TimeControl "15 min +5 sec increment"]
[WhiteFideId "2276801"]
[BlackFideId "34625704"]
[WhiteElo "2005"]
[BlackElo "1699"]

1. e4 c5 2. Nf3 e6 3. d4 cxd4 4.
Nxd4 a6 5. c4 Nf6 6. Bd3 Bc5 7. Nb3 Ba7 8. O-O Qc7 9. Nc3 Nc6 10. Qe2 h5 11. Be3 Ng4 12. g3 Nxe3 13. fxe3 Ne5 14.
Rad1 h4 15. g4 h3 16. Rf4 Nxd3 17. Qxd3 Qxf4 18. Ne2 Bxe3+ 0-1

[Event "Open NK Rapid 2025 bord 26-50"]
[Site "Helmond, Netherlands"]
[Date "2025.05.03"]
[Round "1.21"]
[White "Maes, Lander"]
[Black "Husers, Yannic"]
[Result "0-1"]
[TimeControl "15 min +5 sec increment"]
[WhiteFideId "264741"]
[BlackFideId "1043587"]
[WhiteElo "1694"]
[BlackElo "2002"]

1. e4 e5 2. Nf3 Nc6 3. Bc4 Nf6 4. Ng5 d5 5. exd5 Na5 6. Bb5+ c6 7. dxc6 bxc6 8. Qf3 cxb5 9. Qxa8 Qc7 10. c3 Nc6 11. a4 b4 12. d3 Bc5 13. d4 exd4 14. Bf4 Qd7 15. cxd4 Bxd4 16.
Bd6 Nd5 17. a5 f6 18. Ne6 Qxe6+ 19. Kd1 Qd7 20. Re1+ Kf7 21. Nd2 Qxd6 22. f3 Bxb2 23. Rb1 Nc3+ 24. Kc2 Bf5+ 25. Kxb2 Qxd2+ 26. Kb3 Qa2# 0-1

[Event "Open NK Rapid 2025 bord 26-50"]
[Site "Helmond, Netherlands"]
[Date "2025.05.03"]
[Round "1.22"]
[White "Jansz, Wilfred"]
[Black "Gorny, Wiktor"]
[Result "1-0"]
[TimeControl "15 min +5 sec increment"]
[WhiteFideId "40107353"]
[BlackFideId "40110680"]
[WhiteElo "1996"]
[BlackElo "1693"]

1. e4 c5 2. Nf3 Nc6 3. d4 cxd4 4. Nxd4 e6 5. Nc3 Qb6 6. Nb3 Bb4 7. Be3 Qc7 8. Bd3 Bxc3+ 9. bxc3 Nf6 10. O-O O-O 11. Bg5 Qe5 12.
Bd2 d5 13. f4 Qc7 14. e5 Ne4 15. Qe1 Nxd2 16. Nxd2 Ne7 17. Rf3 Ng6 18. g4 Qxc3 19. Kh1 Bd7 20. Bxg6 Qxa1 21. Bxh7+ Kxh7 22.
Rh3+ Kg6 23. Qxa1 f6 24. Qc3 Rac8 25. Qd3+ f5 26. gxf5+ Rxf5 27. Nf3 Kf7 28. Ng5+ Ke7 29. Qa3+ Kd8 30.
Rh8+ Kc7 31. Qd6# 1-0

[Event "Open NK Rapid 2025 bord 26-50"]
[Site "Helmond, Netherlands"]
[Date "2025.05.03"]
[Round "1.23"]
[White "Londhe, Svar"]
[Black "Schleipfenbauer, Bent"]
[Result "0-1"]
[TimeControl "15 min +5 sec increment"]
[WhiteFideId "40114937"]
[BlackFideId "1048759"]
[WhiteElo "1691"]
[BlackElo "1992"]

1. e4 c5 2. Nf3 Nc6 3. d4 cxd4 4. Nxd4 Nf6 5. Nc3 e5 6. Nf3 Bb4 7. Bd3 O-O 8.
O-O Bxc3 9. bxc3 d5 10. Bb5 dxe4 11. Bxc6 bxc6 12. Qxd8 Rxd8 13. Nxe5 Ba6 14. Re1 Rd6 15. Bf4 Re6 16.
Bg3 h5 17. h4 Rae8 18. Rad1 Rxe5 19. Bxe5 Rxe5 20. f3 e3 21. Rd6 Bb5 22. Rd4 c5 23.
Rd8+ Kh7 24. Rb8 a6 25. Rd8 Nd5 0-1